Map: Winter's Gate LE

Players

Reynor - Winner!

  • Race: Zerg Zerg
  • Spawn Location: 11:00

HeRoMaRinE

  • Race: Terran Terran
  • Spawn Location: 5:00

Event: 2019 WCS Global FInals

VOD

Have the link to the VOD?

Description

Time

  • Played on: Oct. 26, 2019, 2:23 a.m.
  • Length: 16:32

All games in this series

Show
View Real Time Build Order
Export as new Build Order

Reynor Zerg - Winner!

Build Orders: Hatch First 

Get SALT Encoding   

  12  0:00  Drone  
  13  0:12  Overlord  
  13  0:17  Drone  
  14  0:30  Drone x2  
  16  0:48  Hatchery  
  15  0:51  Drone  
  15  0:55  Drone  
  17  0:59  Drone  
  18  1:11  Extractor  
  17  1:14  Spawning Pool  
  17  1:17  Drone  
  17  1:20  Drone  
  18  1:27  Drone  
  19  1:38  Drone  
  20  1:49  Drone  
  21  2:00  Zergling x2  
  21  2:01  Zergling x2, Queen x2  
  27  2:13  Hatchery  
  26  2:17  Overlord  
  26  2:20  Drone  
  27  2:23  Drone  
  28  2:36  Drone x3, Metabolic Boost  
  31  2:43  Overlord  
  31  2:46  Drone  
  31  2:51  Queen  
  32  2:54  Drone  
  32  2:56  Drone  
  36  3:04  Drone  
  38  3:05  Drone  
  38  3:10  Drone x2  
  38  3:11  Overlord  
  40  3:16  Drone  
  40  3:18  Drone  
  42  3:24  Drone  
  42  3:26  Queen  
  43  3:27  Drone x2  
  43  3:31  Queen  
  49  3:35  Drone  
  49  3:38  Drone  
  51  3:43  Drone x4  
  51  3:46  Overlord  
  55  3:50  Zergling x2  
  55  3:53  Drone  
  57  3:57  Zergling x2  
  57  3:59  Overlord  
  58  4:05  Zergling x2  
  58  4:06  Zergling x6  
  58  4:07  Drone  
  58  4:09  Baneling Nest, Lair  
  62  4:11  Queen  
  62  4:14  Drone  
  65  4:17  Overlord  
  65  4:18  Drone  
  65  4:23  Overlord, Drone  
  67  4:25  Drone  
  67  4:28  Extractor  
  67  4:29  Drone x2, Extractor  
  66  4:32  Drone x4  
  66  4:37  Drone  
  71  4:38  Zergling x2  
  71  4:39  Zergling x4  
  71  4:41  Drone  
  71  4:44  Overlord  
  75  4:49  Drone  
  75  4:50  Drone  
  77  4:54  Drone  
  77  4:59  Queen  
  80  5:00  Drone x3  
  80  5:01  Extractor, Zergling x8  
  80  5:04  Zergling x2  
  80  5:06  Centrifical Hooks  
  87  5:08  Zergling x2  
  87  5:13  Zergling x6  
  91  5:18  Overlord  
  91  5:19  Zergling x2  
  92  5:21  Baneling x4  
  92  5:24  Drone x2  
  92  5:27  Evolution Chamber, Baneling x4  
  93  5:28  Evolution Chamber  
  93  5:29  Zergling x4  
  93  5:32  Zergling x4  
  93  5:35  Hatchery, Zergling x4  
  97  5:38  Drone x3  
  100  5:44  Zergling x2  
  100  5:45  Zergling x2  
  100  5:46  Overlord, Drone x2  
  100  5:50  Baneling  
  100  5:52  Zergling x2  
  100  5:55  Zergling x2  
  100  5:56  Zerg Melee Weapons Level 1, Zerg Ground Armor Level 1  
  97  5:58  Zergling x4  
  97  5:59  Zergling x2  
  97  6:05  Zergling x10  
  97  6:07  Pneumatized Carapace  
  97  6:09  Drone x2  
  104  6:15  Drone  
  104  6:17  Extractor  
  104  6:18  Spore Crawler  
  104  6:20  Zergling x4  
  104  6:25  Drone  
  104  6:29  Baneling x8  
  104  6:30  Overlord  
  105  6:34  Zergling x14  
  112  6:40  Overlord  
  112  6:43  Drone x2  
  112  6:45  Baneling  
  112  6:46  Overlord, Baneling x3  
  114  6:48  Drone x2  
  114  6:49  Drone  
  114  6:50  Queen  
  114  6:52  Drone  
  120  6:54  Drone  
  120  6:55  Overlord  
  120  6:56  Drone  
  120  6:58  Drone x3  
  120  6:59  Infestation Pit  
  124  7:01  Zergling x2  
  124  7:02  Zergling x4  
  126  7:11  Baneling x5  
  126  7:12  Drone x2  
  126  7:13  Drone x2  
  126  7:15  Zergling x6  
  127  7:24  Zergling x8  
  127  7:26  Queen  
  125  7:30  Zergling x6  
  125  7:31  Zergling x6  
  125  7:36  Zergling x2  
  132  7:38  Hive  
  132  7:39  Zergling x8  
  132  7:43  Hatchery, Zergling x4  
  131  7:45  Zergling x6  
  131  7:46  Zergling x2  
  135  7:53  Zerg Ground Armor Level 2, Drone x3, Zerg Melee Weapons Level 2  
  135  7:56  Baneling  
  135  7:57  Baneling x6  
  135  7:58  Zergling x2  
  139  8:01  Overlord  
  139  8:05  Zergling x6  
  142  8:07  Zergling x2  
  142  8:10  Overlord  
  142  8:11  Overlord  
  143  8:13  Drone  
  143  8:15  Zergling x4  
  143  8:18  Overlord  
  141  8:23  Zergling x8  
  141  8:25  Overlord  
  141  8:27  Zergling x6  
  143  8:32  Drone, Extractor  
  143  8:33  Drone x3  
  147  8:39  Zergling x16  
  147  8:40  Baneling x3  
  155  8:42  Zergling x2  
  155  8:43  Baneling x8  
  155  8:45  Zergling x2  
  152  8:50  Zergling x4  
  152  8:51  Zergling x8  
  152  8:55  Zergling x8  
  158  8:58  Overseer  
  158  8:59  Ultralisk Cavern  
  158  9:02  Extractor  
  156  9:03  Zergling x8  
  156  9:04  Spire  
  156  9:05  Zergling x6  
  162  9:11  Drone x5  
  162  9:13  Baneling x5  
  165  9:18  Overseer  
  165  9:19  Zergling x12  
  165  9:20  Zergling x2  
  165  9:23  Drone  
  165  9:24  Drone x5  
  172  9:28  Extractor  
  172  9:29  Zergling x4  
  175  9:34  Baneling x4  
  175  9:35  Overlord x2  
  175  9:38  Hatchery, Overseer  
  175  9:44  Baneling x2  
  175  9:45  Baneling x3  
  174  9:51  Baneling x6  
  174  9:52  Zergling x18  
  182  9:55  Baneling x3  
  182  9:56  Zergling x14  
  179  10:00  Zergling x2  
  179  10:01  Zergling x2  
  179  10:02  Ultralisk x2  
  179  10:03  Zergling x2  
  179  10:05  Zergling x4  
  186  10:09  Ultralisk  
  179  10:14  Chitinous Plating  
  179  10:16  Zergling x8  
  179  10:18  Ultralisk, Zergling x6  
  179  10:22  Queen  
  179  10:26  Zergling x12  
  187  10:32  Zergling x2  
  187  10:33  Zergling x6  
  187  10:35  Zergling x6  
  187  10:37  Zergling x2  
  187  10:40  Zergling x4  
  168  10:44  Zerg Melee Weapons Level 3, Zergling x2, Zerg Ground Armor Level 3  
  168  10:45  Zergling x8  
  172  10:53  Zergling x8  
  172  10:55  Ultralisk, Zergling x8  
  172  10:56  Zergling x2  
  187  11:01  Adrenal Glands  
  187  11:03  Zergling x6  
  190  11:08  Zergling x14  
  193  11:17  Corruptor x3  
  185  11:24  Baneling x4  
  185  11:26  Drone x3  
  185  11:27  Drone x7  
  185  11:28  Drone  
  185  11:30  Extractor  
  185  11:31  Extractor  
  193  11:32  Baneling  
  193  11:33  Baneling  
  193  11:39  Corruptor  
  195  11:42  Burrow, Overlord  
  195  11:52  Overlord x3  
  195  11:55  Zerg Flyer Weapons Level 1  
  195  11:56  Anabolic Synthesis  
  195  12:01  Corruptor x3  
  193  12:06  Zergling x12  
  197  12:14  Corruptor x3  
  197  12:15  Zergling x6  
  199  12:18  Overlord  
  199  12:19  Zergling x6  
  199  12:20  Zergling x2  
  199  12:21  Zergling x2  
  199  12:22  Zergling x26  
  199  12:28  Zergling x4  
  198  12:36  Zergling x12  
  200  12:37  Corruptor x2  
  200  12:41  Zergling x10  
  194  12:46  Hatchery  
  194  12:48  Ultralisk  
  197  12:54  Baneling  
  197  12:55  Baneling x18  
  197  12:57  Zergling x8  
  199  12:59  Zergling x2  
  199  13:03  Zergling x4  
  198  13:09  Zergling x12  
  198  13:12  Zergling x4  
  198  13:13  Zergling x4  
  198  13:15  Zergling x6  
  198  13:19  Baneling x9  
  199  13:24  Zergling x2  
  183  13:35  Ultralisk, Zergling x6  
  183  13:36  Zergling x14  
  186  13:44  Zergling x12  
  186  13:45  Zergling x20  
  186  13:47  Hatchery  
  188  13:53  Ultralisk  
  188  13:55  Zergling x6  
  196  13:57  Zergling x2  
  196  13:59  Zergling x4  
  196  14:00  Zergling x4  
  191  14:05  Ultralisk, Zergling x4  
  189  14:10  Zergling x4  
  182  14:19  Corruptor x5  
  184  14:37  Zergling x16  
  192  14:40  Baneling  
  192  14:41  Baneling x3  
  180  14:47  Corruptor  
  180  14:48  Corruptor x5  
  180  14:51  Zergling x8  
  191  14:58  Ultralisk  
  191  14:59  Zergling x2  
  197  15:01  Zergling x2  
  197  15:03  Zergling x6  
  195  15:09  Baneling  
  195  15:10  Baneling x9  
  195  15:11  Drone  
  190  15:14  Drone x3  
  193  15:22  Baneling x9  
  193  15:24  Baneling x2  
  193  15:25  Baneling, Zergling x8  
  193  15:36  Zergling x10  
  193  15:37  Zergling x4  
  193  15:42  Baneling x7  
  200  15:48  Zergling x2  
  200  15:49  Zergling x4  
  198  15:51  Zergling x2  
  198  15:52  Zergling x8  
  195  15:59  Zergling x10  
  200  16:08  Overseer  
Show
View Real Time Build Order
Export as new Build Order

HeRoMaRinE Terran 

Build Orders: Reaper Expand 

Get SALT Encoding   

  12  0:00  SCV  
  13  0:12  SCV  
  14  0:17  Supply Depot  
  14  0:24  SCV  
  15  0:39  SCV  
  15  0:40  Barracks  
  16  0:43  Refinery  
  16  0:51  SCV  
  17  1:03  SCV  
  18  1:15  SCV  
  19  1:27  Reaper, Orbital Command  
  20  1:38  Command Center  
  20  1:48  Supply Depot  
  20  1:53  SCV  
  21  1:59  Marine  
  22  2:05  SCV  
  23  2:12  Factory  
  23  2:17  SCV  
  23  2:21  Barracks Reactor  
  24  2:29  SCV  
  25  2:36  Command Center  
  25  2:41  SCV  
  26  2:50  Orbital Command  
  26  2:54  SCV  
  27  3:02  Hellion  
  27  3:03  Hellion  
  27  3:05  Barracks Tech Lab  
  31  3:06  SCV  
  31  3:12  Barracks  
  32  3:15  SCV  
  32  3:18  SCV  
  34  3:24  Stimpack  
  34  3:27  Hellion, SCV  
  34  3:30  Hellion, SCV  
  34  3:31  Marine  
  41  3:36  Refinery  
  41  3:39  SCV  
  42  3:42  SCV  
  43  3:49  Marine  
  43  3:50  Orbital Command  
  43  3:51  SCV  
  45  3:55  SCV  
  46  4:04  SCV  
  46  4:07  Marine  
  46  4:08  Marine x2, SCV  
  51  4:10  Factory Reactor  
  51  4:11  Starport  
  51  4:16  Supply Depot, SCV  
  53  4:18  Orbital Command  
  53  4:20  SCV  
  53  4:22  Refinery  
  53  4:24  Marine  
  53  4:26  Marine x2  
  53  4:28  SCV  
  57  4:32  SCV  
  57  4:36  Supply Depot  
  58  4:39  Refinery  
  58  4:40  SCV  
  58  4:41  Supply Depot  
  58  4:42  Marine  
  58  4:44  Marine x2, SCV  
  63  4:46  SCV  
  63  4:52  SCV  
  65  4:54  Medivac x2  
  65  4:55  Factory Tech Lab  
  65  4:58  SCV x2  
  71  5:00  Marine, Engineering Bay x2  
  71  5:02  Supply Depot, Marine  
  71  5:04  Marine, SCV  
  71  5:06  Combat Shield  
  75  5:10  SCV x2  
  77  5:16  Supply Depot, SCV  
  77  5:18  Marine  
  77  5:20  Marine  
  80  5:22  Marine, SCV x2  
  80  5:28  Siege Tank  
  86  5:30  Barracks  
  86  5:32  Terran Infantry Weapons Level 1  
  86  5:34  Supply Depot  
  86  5:35  Terran Infantry Armor Level 1  
  86  5:36  Marine, SCV  
  86  5:37  Marine, SCV  
  86  5:38  SCV  
  86  5:40  Marine  
  92  5:49  SCV x2  
  85  5:50  SCV  
  85  5:54  Marine  
  85  5:55  Marine  
  88  5:57  Marine  
  88  6:01  SCV x2  
  88  6:02  SCV  
  92  6:06  Medivac  
  92  6:10  Medivac  
  96  6:11  Marine  
  96  6:13  Marine, SCV x2  
  96  6:14  SCV  
  96  6:15  Marine  
  96  6:16  Supply Depot  
  102  6:25  SCV x2  
  104  6:26  SCV, Barracks Reactor  
  104  6:27  Barracks, Siege Tank  
  104  6:28  Barracks  
  104  6:29  Marine  
  109  6:37  Marine x2  
  109  6:38  SCV x2  
  113  6:40  Supply Depot  
  113  6:41  Supply Depot  
  113  6:42  Armory  
  113  6:44  SCV  
  114  6:47  Marine  
  114  6:48  Medivac  
  114  6:52  Refinery  
  117  7:01  Medivac, Marine x2, SCV  
  117  7:05  Marine  
  117  7:06  Command Center, Supply Depot, Factory, SCV  
  124  7:12  Marine x2  
  126  7:19  Marine x2, Barracks Reactor  
  126  7:20  Barracks Reactor  
  126  7:21  SCV x3  
  113  7:32  Marine  
  113  7:33  Marine  
  113  7:35  Widow Mine  
  113  7:36  Terran Infantry Armor Level 2, Terran Infantry Weapons Level 2  
  107  7:45  SCV x2  
  107  7:46  SCV  
  107  7:47  Marine x3  
  107  7:49  Drilling Claws  
  107  7:50  Marine  
  114  7:51  Factory Reactor  
  114  7:53  Supply Depot  
  114  7:55  Marine x2  
  116  8:00  Marine, Missile Turret  
  116  8:01  Marine  
  116  8:02  Widow Mine, Marine  
  116  8:05  Marine  
  122  8:07  Marine  
  122  8:08  Marine  
  124  8:14  Barracks  
  124  8:15  Barracks  
  124  8:16  Barracks  
  124  8:19  Medivac, Marine x3  
  71  8:20  Medivac  
  129  8:23  SCV x2  
  129  8:26  Marauder  
  130  8:31  Marine x4  
  130  8:33  Widow Mine x2  
  135  8:35  Widow Mine  
  135  8:36  Terran Vehicle And Ship Armor Level 1, SCV x2  
  135  8:37  SCV  
  138  8:44  Marine x3  
  138  8:47  Sensor Tower, Marauder  
  143  8:48  SCV  
  143  8:49  SCV  
  143  8:50  Planetary Fortress  
  138  8:56  Widow Mine x2  
  138  9:02  Marine x3  
  145  9:03  Widow Mine  
  145  9:06  SCV x2  
  145  9:08  Supply Depot x2  
  145  9:09  Marauder  
  151  9:11  Barracks Tech Lab x3  
  151  9:14  Marine x2  
  151  9:16  Marine  
  154  9:18  Widow Mine  
  154  9:23  Marine x4  
  155  9:27  Medivac x2  
  155  9:29  Refinery  
  155  9:30  Marauder, SCV x2, Refinery  
  155  9:31  SCV  
  164  9:32  Command Center, Marauder x3  
  170  9:47  Marine x2  
  170  9:48  Marine  
  170  9:50  Marine x3  
  170  9:52  Marine x2, Marauder  
  178  9:53  Marauder  
  178  9:54  Terran Infantry Weapons Level 3  
  178  9:56  Barracks x2  
  178  9:57  Barracks, Marine  
  178  9:59  Terran Infantry Armor Level 3  
  178  10:05  Marauder  
  170  10:07  Liberator x2  
  170  10:08  Marine x2, SCV x3  
  170  10:10  Marine  
  173  10:16  Marauder  
  173  10:18  Marine x2  
  173  10:19  Marine x2  
  157  10:22  SCV x3  
  166  10:31  Widow Mine x2  
  162  10:41  Reaper, Marauder  
  162  10:42  Marine  
  153  10:43  Marine x2  
  153  10:46  Widow Mine  
  153  10:47  Barracks Tech Lab  
  153  10:48  Marine x2, Barracks Reactor, Marauder x3  
  153  10:49  Barracks Tech Lab, Marine x2  
  167  10:52  Widow Mine  
  167  10:56  Widow Mine  
  171  11:00  Marine  
  171  11:01  Marine x2  
  171  11:02  Marauder  
  176  11:06  Marine x3, Liberator x2  
  176  11:07  Marine, Marauder  
  176  11:08  Widow Mine  
  176  11:09  Marine x2, Marauder  
  176  11:10  Marauder  
  185  11:13  Marine  
  185  11:18  Marine  
  177  11:19  Marine x2  
  177  11:22  Factory Reactor  
  177  11:23  Marauder  
  185  11:26  Planetary Fortress  
  185  11:41  Marauder x5  
  195  11:48  SCV x3  
  195  11:49  Marauder  
  200  12:06  Marine x2, Liberator, Orbital Command  
  200  12:07  Marine, Liberator  
  199  12:10  Marine  
  199  12:14  SCV x2  
  199  12:15  SCV  
  186  12:20  SCV  
  186  12:21  Marine  
  186  12:22  Marine  
  182  12:24  Widow Mine  
  182  12:26  SCV  
  182  12:27  Marauder  
  182  12:29  Marine x2  
  182  12:30  Marauder  
  182  12:33  SCV x2  
  182  12:35  SCV  
  182  12:36  Marine  
  182  12:37  Marine  
  179  12:45  Widow Mine  
  179  12:46  Marauder  
  179  12:49  Liberator x2  
  179  12:51  Marauder x3, Marine x4, Refinery, Factory  
  185  12:52  Marine, Marauder x2  
  185  12:53  Marine x2  
  198  12:58  Marine  
  198  12:59  Marine  
  198  13:02  Missile Turret  
  198  13:03  Marine, Missile Turret  
  186  13:06  Widow Mine  
  186  13:07  Marauder  
  186  13:09  Marine  
  194  13:13  Marine, Marauder x2  
  194  13:15  Marauder  
  194  13:16  Marine  
  200  13:25  Terran Vehicle And Ship Armor Level 2  
  196  13:28  Marauder  
  196  13:29  Marine x2  
  200  13:40  Marine  
  200  13:41  Marine, Marauder x2  
  180  13:44  Marine x2  
  180  13:45  Marine x3, Marauder  
  180  13:47  Marine x2, Marauder x2  
  165  13:49  Medivac  
  165  13:51  Widow Mine x3  
  165  13:52  Marauder  
  165  13:53  Marine  
  174  13:58  Marine  
  174  14:02  Marine x2, Marauder x2  
  159  14:03  Marine x2  
  146  14:11  Marine x2, Marauder  
  146  14:12  Widow Mine x2, Medivac  
  146  14:14  Marine x3  
  146  14:15  Marauder x3  
  138  14:19  Medivac  
  138  14:20  Marine x2  
  138  14:23  Marauder  
  138  14:24  Marauder  
  142  14:26  Widow Mine  
  144  14:32  Marauder  
  144  14:33  Marine x2  
  144  14:34  Widow Mine  
  144  14:35  Marine x2  
  144  14:36  Marauder  
  154  14:40  Widow Mine, Marine, Marauder  
  154  14:41  Marine  
  154  14:42  Medivac  
  160  14:46  Marauder  
  160  14:47  Widow Mine  
  160  14:49  Medivac  
  166  14:53  Orbital Command, Marauder  
  166  14:56  Marine  
  166  14:58  Ghost Academy, Marauder  
  169  15:02  Marine x2  
  169  15:06  Widow Mine x2, SCV x2  
  161  15:08  Widow Mine  
  161  15:12  Medivac  
  163  15:15  Marauder  
  163  15:19  Medivac  
  164  15:23  Marine  
  161  15:29  Widow Mine x2, Sensor Tower  
  161  15:30  Marine, Marauder  
  166  15:37  Marauder  
  166  15:38  Marine  
  166  15:41  Marine  
  166  15:42  Medivac  
  172  15:45  Marine x2  
  172  15:46  Widow Mine  
  173  15:50  Marauder  
  173  15:56  Widow Mine  
  173  15:57  Widow Mine  
  163  15:59  Medivac  
  165  16:08  Widow Mine  
  165  16:09  Marauder x2  
  171  16:13  Marine x2  
Tags
 
Add a new tag
Caveats
  • Supply blocks, unpowered buildings, or Contaminate may cause inaccurate times.
  • Supply counts are checked every 10 seconds.